 Dungeon Crawl Stone Soup version 0.22-a0-42-g002c468 (webtiles) character file.

7 KristoblXynda the Charmwright (level 1, 0/10 HPs)
             Began as a Spriggan Skald on Jan 5, 2018.
             Slain by a kobold (2 damage)
             ... on level 1 of the Dungeon.
             The game lasted 00:00:27 (104 turns).

KristoblXynda the Charmwright (Spriggan Skald)       Turns: 104, Time: 00:00:28

Health: 0/10       AC:  2    Str:  7    XL:     1   Next: 83%
Magic:  0/5        EV: 19    Int: 14    God:
Gold:   0          SH:  0    Dex: 15    Spells: 4/5 levels left

rFire    . . .     SeeInvis +   a - +0 short sword
rCold    . . .     Gourm    .   (shield restricted)
rNeg     . . .     Faith    .   b - +0 robe
rPois    .         Spirit   .   (helmet restricted)
rElec    .         Reflect  .   (no cloak)
rCorr    .         Harm     .   (gloves unavailable)
MR       .....                  (boots unavailable)
Stlth    +.........             (no amulet)
HPRegen  0.03/turn              (no ring)
MPRegen  0.09/turn              (no ring)

@: infused, very quick
A: very small, unfitting armour, see invisible, herbivore, speed 3, slow
metabolism 2
a: no special abilities


You were on level 1 of the Dungeon.
You were not hungry.

You visited 1 branch of the dungeon, and saw 1 of its levels.

Inventory:

Hand Weapons
 a - a +0 short sword (weapon)
Armour
 b - a +0 robe (worn)
Scrolls
 e - a scroll of teleportation {unknown}
Books
 c - a book of Battle

   Spells                             Type                      Level
   a - Infusion                       Charms                       1
   b - Shroud of Golubria             Charms/Translocation         2
   c - Song of Slaying                Charms                       2
   d - Spectral Weapon                Hexes/Charms                 3
   e - Regeneration                   Charms/Necromancy            3
Comestibles
 d - 2 rations


   Skills:
 - Level 1.5 Fighting
 + Level 2.3 Short Blades
 + Level 3.7 Dodging
 + Level 2.9 Spellcasting
 + Level 4.6 Charms


You had 4 spell levels left.
You knew the following spells:

 Your Spells              Type           Power        Failure   Level  Hunger
a - Infusion              Chrm           ##..         3%          1    #......


Dungeon Overview and Level Annotations

Branches:
Dungeon (1/15)

Altars:


Innate Abilities, Weirdness & Mutations

You are very small and have problems with some larger weapons.
You are too small for most types of armour.
You have supernaturally acute eyesight. (SInv)
You are a herbivore.
You cover ground extremely quickly.
You need consume almost no food.


Message History

You kill the frilled lizard!
You hit the hobgoblin.
The hobgoblin is severely wounded.
The hobgoblin misses you.
You closely miss the hobgoblin.
The hobgoblin is severely wounded.
The hobgoblin hits you with a club.
* * * LOW HITPOINT WARNING * * *
You closely miss the hobgoblin.
The hobgoblin is severely wounded.
You hit the hobgoblin!
You kill the hobgoblin!
The kobold throws a stone.
The stone misses you.
Things that are here:
a club; a hobgoblin corpse You closely miss the kobold.
The kobold barely misses you.
You hit the kobold.
The kobold is moderately wounded.
The kobold hits you.
You die...

############
#..........#
#..........# ##
#..........# ...
###..........##
....###
#........>.....
.......
..###.....##.##.
..!....####
#.....##.##.
#K@..###.....##...(
####.##......##†.#
#.........(†..#
###.#####.#.).##
#.# #....... #.#
#)##.### ...
#..##...# ...
#..####.# .....
#..# #..#


You could see a kobold.

Vanquished Creatures
  A hobgoblin (D:1)
  2 kobolds (D:1)
  2 frilled lizards (D:1)
  A goblin (D:1)
  A rat (D:1)
7 creatures vanquished.

Notes
Turn   | Place    | Note
-------+----------+-------------------------------------------
     0 | D:1      | KristoblXynda the Spriggan Skald began the quest for the Orb.
     0 | D:1      | Reached XP level 1. HP: 10/10 MP: 5/5
   104 | D:1      | Slain by a kobold

Vault maps used:
D:1:      sevenhm_arrival_forest_fort_small_3, nrook_mini_backslash

Action                   || total
-------------------------++-------
Melee: Short sword       ||    21
 Cast: Infusion          ||     2
Armor: Robe              ||     1
Dodge: Dodged            ||    14

Table legend:
 A = Spawn XP
 B = Non-spawn XP
 C = Spawn XP percentage of total XP
 D = Spawn monster count
 E = Non-spawn monster count
 F = Spawn count percentage of total count
 G = Total turns spent on level
                    A         B        C        D         E        F      G
               +---------+---------+-------+---------+---------+-------+---------
         Total |       0 |      10 |   0.0 |       0 |       7 |   0.0 |   104
               +---------+---------+-------+---------+---------+-------+---------
           D:1 |       0 |      10 |   0.0 |       0 |       7 |   0.0 |   104
               +---------+---------+-------+---------+---------+-------+---------
